Map: Thunderbird LE

Players

Cham

  • Race: Zerg Zerg
  • Spawn Location: 5:00

MarineLorD - Winner!

  • Race: Terran Terran
  • Spawn Location: 11:00

Event: 2019 WCS Summer

VOD

Have the link to the VOD?

Description

Time

  • Played on: July 12, 2019, 10:09 a.m.
  • Length: 12:10

All games in this series

Show
View Real Time Build Order
Export as new Build Order

Cham Zerg 

Build Orders: Hatch First 

Get SALT Encoding   

  12  0:01  Drone  
  13  0:10  Drone  
  14  0:17  Overlord  
  14  0:36  Drone x2  
  16  0:49  Hatchery  
  15  0:51  Drone  
  15  0:55  Drone  
  17  0:59  Drone  
  18  1:09  Extractor  
  17  1:14  Spawning Pool  
  16  1:18  Drone  
  16  1:20  Drone  
  18  1:30  Drone  
  19  1:41  Drone  
  20  1:53  Overlord  
  20  2:03  Queen x2  
  20  2:04  Zergling x4  
  26  2:08  Metabolic Boost  
  26  2:12  Drone  
  26  2:14  Drone  
  28  2:23  Overlord  
  28  2:25  Drone  
  29  2:35  Drone  
  30  2:38  Drone  
  30  2:44  Queen  
  33  2:49  Pneumatized Carapace  
  33  2:54  Drone x2  
  33  2:57  Overlord  
  33  2:58  Drone  
  36  3:10  Hatchery  
  35  3:14  Drone  
  35  3:17  Drone x2  
  38  3:26  Drone x3  
  41  3:30  Overlord  
  41  3:31  Drone x2  
  43  3:38  Overlord  
  43  3:41  Drone  
  43  3:48  Queen  
  44  3:49  Drone x2  
  44  3:50  Drone x2  
  44  3:51  Drone  
  44  3:55  Drone  
  52  4:00  Drone  
  52  4:01  Drone x2  
  55  4:05  Queen  
  57  4:10  Zergling x2  
  57  4:12  Zergling x2  
  59  4:20  Overlord  
  59  4:21  Zergling x2  
  59  4:22  Drone  
  59  4:23  Drone x5  
  66  4:24  Lair  
  66  4:33  Baneling Nest  
  66  4:34  Drone  
  66  4:36  Overlord  
  66  4:37  Queen  
  68  4:40  Extractor  
  68  4:43  Evolution Chamber  
  68  4:45  Drone x2, Evolution Chamber  
  66  4:46  Drone x2  
  69  4:53  Drone, Overlord  
  69  4:56  Drone x2  
  69  4:57  Drone  
  69  4:59  Extractor x2  
  71  5:00  Drone  
  71  5:03  Drone x2  
  71  5:05  Drone  
  75  5:08  Drone x2  
  75  5:10  Overlord  
  77  5:14  Zerg Ground Armor Level 1  
  77  5:16  Drone, Overlord  
  77  5:21  Hatchery  
  77  5:23  Zergling x4, Extractor  
  77  5:25  Baneling x4  
  77  5:27  Baneling, Overlord  
  78  5:29  Drone x2  
  78  5:34  Spore Crawler  
  78  5:35  Spore Crawler  
  78  5:37  Zergling x4  
  78  5:39  Overlord  
  78  5:41  Drone  
  78  5:42  Drone  
  82  5:46  Hydralisk Den  
  82  5:47  Drone x2  
  83  5:56  Centrifical Hooks  
  82  5:59  Zerg Melee Weapons Level 1  
  82  6:00  Zergling x10  
  82  6:03  Drone x3  
  88  6:07  Drone, Overlord  
  88  6:09  Roach Warren  
  88  6:10  Drone x2  
  90  6:12  Drone x2  
  90  6:14  Zergling x2  
  90  6:16  Drone  
  94  6:20  Grooved Spines  
  94  6:21  Drone  
  94  6:22  Overlord  
  94  6:25  Drone  
  96  6:29  Baneling x3  
  96  6:32  Hydralisk x2  
  100  6:33  Hydralisk  
  100  6:39  Hydralisk x2, Overlord  
  106  6:42  Hydralisk x2  
  109  6:49  Hydralisk x2  
  103  6:56  Hydralisk x2  
  103  6:58  Queen x2  
  103  7:01  Hydralisk  
  105  7:02  Zergling x2  
  105  7:07  Hydralisk  
  106  7:12  Hydralisk  
  103  7:19  Drone x3  
  103  7:20  Drone x7  
  103  7:21  Drone  
  103  7:22  Drone  
  110  7:24  Baneling x2  
  110  7:26  Drone  
  111  7:36  Hydralisk x2  
  107  7:38  Zergling x4, Drone x2  
  107  7:39  Drone  
  107  7:42  Drone  
  107  7:43  Drone, Extractor, Queen  
  114  7:45  Queen  
  114  7:49  Spore Crawler  
  114  7:50  Spore Crawler  
  114  7:52  Drone x2  
  114  7:55  Hydralisk x2  
  114  7:57  Drone x3  
  123  8:00  Drone  
  123  8:03  Infestation Pit  
  123  8:05  Hydralisk x2  
  114  8:16  Hydralisk, Queen x2  
  114  8:17  Hydralisk  
  114  8:18  Hydralisk  
  118  8:23  Hydralisk  
  118  8:27  Infestation Pit  
  118  8:32  Hydralisk  
  118  8:33  Hydralisk  
  117  8:38  Hydralisk  
  117  8:39  Zergling x4  
  115  8:45  Hydralisk  
  113  8:49  Hydralisk  
  109  9:01  Hydralisk  
  111  9:06  Hydralisk  
  111  9:08  Zergling x2  
  111  9:09  Zergling x8  
  112  9:10  Queen x3  
  112  9:11  Drone  
  112  9:12  Drone x10, Extractor  
  112  9:15  Extractor  
  112  9:16  Extractor  
  124  9:20  Drone x2, Extractor  
  124  9:21  Baneling x5  
  124  9:22  Queen  
  124  9:23  Drone  
  128  9:25  Spore Crawler  
  128  9:30  Spore Crawler  
  128  9:31  Drone x2  
  128  9:32  Overlord x2  
  128  9:35  Zerg Missile Weapons Level 1  
  128  9:40  Baneling  
  128  9:41  Baneling x2, Overlord  
  128  9:45  Overlord x2  
  127  9:50  Queen  
  127  9:52  Roach x3  
  134  9:53  Zergling x2  
  134  9:57  Overseer  
  134  9:58  Overlord  
  135  10:04  Overlord  
  135  10:06  Infestor x2  
  139  10:09  Zergling x2  
  136  10:15  Zergling x2  
  136  10:21  Hatchery  
  127  10:22  Hydralisk x4  
  125  10:28  Hydralisk  
  125  10:29  Hydralisk  
  125  10:32  Hydralisk  
  125  10:33  Hydralisk  
  125  10:34  Hydralisk x2  
  135  10:40  Hydralisk x2  
  137  10:47  Infestor, Drone x10  
  143  10:53  Drone x3  
  146  11:00  Extractor, Spore Crawler  
  146  11:02  Hydralisk x2, Spore Crawler  
  147  11:04  Overlord  
  147  11:06  Hydralisk  
  147  11:09  Hatchery  
  149  11:11  Hydralisk  
  149  11:15  Drone x4  
  149  11:16  Drone x2  
  157  11:20  Spore Crawler  
  156  11:25  Hydralisk  
  156  11:26  Hydralisk x2, Zergling x2  
  156  11:27  Zergling x4  
  165  11:34  Drone x2  
  165  11:35  Zergling x4, Spire, Spore Crawler  
  165  11:36  Spore Crawler  
  165  11:38  Zergling x2  
  167  11:44  Roach x3  
  172  11:47  Overlord  
  172  11:49  Roach  
Show
View Real Time Build Order
Export as new Build Order

MarineLorD Terran - Winner!

Build Orders: Reaper Expand 

Get SALT Encoding   

  12  0:00  SCV  
  13  0:12  SCV  
  14  0:17  Supply Depot  
  14  0:24  SCV  
  15  0:39  SCV  
  15  0:42  Barracks  
  16  0:45  Refinery  
  16  0:51  SCV  
  17  1:03  SCV  
  18  1:15  SCV  
  19  1:28  Orbital Command  
  19  1:29  Reaper  
  20  1:41  Command Center  
  20  1:52  Supply Depot  
  20  1:54  SCV  
  21  2:01  Marine  
  21  2:06  SCV  
  23  2:15  Factory  
  23  2:18  SCV  
  23  2:22  Barracks Reactor  
  24  2:30  SCV  
  25  2:42  SCV  
  26  2:46  Command Center  
  26  2:54  Orbital Command, SCV  
  27  3:06  SCV  
  27  3:09  Hellion  
  27  3:10  Hellion  
  32  3:18  SCV  
  32  3:19  Starport  
  33  3:22  SCV  
  33  3:24  Barracks Tech Lab  
  34  3:30  SCV  
  34  3:32  Hellion  
  34  3:33  Hellion  
  39  3:34  SCV  
  39  3:39  Refinery  
  40  3:43  Marine, SCV  
  40  3:46  SCV  
  43  3:55  SCV  
  44  3:58  Orbital Command  
  44  3:59  SCV  
  44  4:01  Refinery  
  45  4:07  SCV, Fusion Core  
  46  4:11  SCV  
  46  4:14  Hellion x2  
  51  4:19  SCV, Supply Depot  
  51  4:20  Refinery  
  51  4:23  Starport  
  52  4:25  SCV  
  52  4:30  SCV  
  55  4:31  SCV  
  55  4:37  SCV  
  56  4:42  SCV, Supply Depot  
  56  4:43  SCV  
  58  4:49  SCV  
  63  4:53  Hellion x2  
  63  4:54  SCV  
  64  5:00  Starport Tech Lab  
  64  5:04  Battlecruiser, SCV x2  
  64  5:05  Starport Tech Lab  
  72  5:08  Supply Depot  
  73  5:16  Hellion x2  
  73  5:19  Orbital Command  
  77  5:22  SCV  
  77  5:30  SCV, Supply Depot, Battlecruiser  
  77  5:34  SCV, Supply Depot  
  85  5:48  Refinery, Supply Depot  
  85  5:50  Supply Depot  
  85  5:51  Refinery  
  85  5:52  SCV x3  
  88  5:59  Hellion x2  
  88  6:02  Weapon Refit  
  90  6:04  SCV x3  
  93  6:12  Battlecruiser  
  93  6:16  SCV x2  
  102  6:18  SCV  
  102  6:25  Hellion x2  
  106  6:28  SCV x2  
  108  6:34  Battlecruiser  
  108  6:36  SCV  
  115  6:41  SCV x2  
  117  6:50  Armory  
  117  6:54  Armory  
  117  6:56  SCV x2, Supply Depot  
  117  6:57  Supply Depot x2  
  117  6:58  SCV  
  117  7:08  SCV  
  117  7:13  SCV x2  
  117  7:14  Hellion  
  117  7:16  Hellion  
  117  7:20  SCV  
  117  7:21  Battlecruiser  
  119  7:25  Starport  
  119  7:26  Command Center  
  119  7:35  Hellion  
  115  7:37  Hellion  
  115  7:40  Terran Ship Weapons Level 1  
  115  7:42  Terran Vehicle And Ship Armor Level 1, Starport  
  118  7:44  Starport  
  118  7:46  Starport Tech Lab  
  120  7:56  SCV  
  120  7:57  Hellion  
  120  7:59  Hellion  
  120  8:05  Engineering Bay, Supply Depot  
  122  8:06  Supply Depot  
  122  8:10  Starport Tech Lab  
  128  8:18  Hellion  
  130  8:20  Hellion  
  130  8:22  Starport Tech Lab x2  
  132  8:27  SCV  
  133  8:35  Battlecruiser  
  133  8:39  Hellion  
  135  8:42  Hellion  
  133  8:50  Fusion Core  
  133  8:54  SCV  
  126  9:00  Command Center  
  126  9:01  Hellion  
  120  9:03  Hellion  
  120  9:17  Missile Turret  
  120  9:18  Starport Tech Lab  
  120  9:19  Command Center  
  120  9:20  Refinery  
  122  9:25  Missile Turret  
  122  9:27  Refinery  
  122  9:29  Planetary Fortress  
  124  9:36  Command Center  
  124  9:39  Battlecruiser x2  
  130  9:55  Sensor Tower  
  130  9:58  Hellion x2  
  130  9:59  Battlecruiser x2  
  138  10:19  Hellion x2  
  138  10:34  Orbital Command  
  138  10:38  Command Center  
  138  10:41  Hellion x2  
  142  10:43  Battlecruiser x2  
  154  11:00  Orbital Command  
  154  11:02  Hellion x2  
  154  11:03  Battlecruiser  
  164  11:09  Command Center  
  170  11:21  Missile Turret  
  170  11:24  Hellion x2  
  174  11:25  Missile Turret  
  174  11:32  Starport  
  174  11:35  Starport  
  172  12:08  Refinery  
  172  12:09  Refinery  
Tags
 
Add a new tag
Caveats
  • Supply blocks, unpowered buildings, or Contaminate may cause inaccurate times.
  • Supply counts are checked every 10 seconds.